 Dungeon Sprint DCSS version bcrawl-1.40.3b (webtiles) character file.

Game seed: 7300381706671572416

257608 Groucho the Imperceptible (level 9, 60/60 HPs)
             Began as a Felid Berserker on Nov 28, 2023.
             Was a High Priest of Trog.
             Got out of the dungeon alive.
             The game lasted 00:18:00 (5120 turns).

Groucho the Imperceptible (Felid Berserker)         Turns: 5120, Time: 00:18:01

Health: 60/60      AC:  3    Str: 15    XL:     9   Next: 27%
Magic:  16/16      EV: 33    Int: 10    God:    Trog [*****.]
Gold:   860        SH:  0    Dex: 17    Spells: 17/17 levels left
                                        Lives:  0   Deaths: 3

rFire    . . .     GDR:     28%   - Teeth and claws (29.7)
rCold    + . .     SeeInvis +   (shield unavailable)
rNeg     . . .     Gourm    .   (armour unavailable)
rPois    +         Faith    .   (helmet unavailable)
rElec    .         Spirit   .   (cloak restricted)
rCorr    .         Reflect  .   (gloves unavailable)
MR       +....     NoTele   +   (boots unavailable)
Stlth    +++++++++.             (no amulet)
HPRegen  0.20/turn              o - ring of poison resistance
MPRegen  0.15/turn              (no ring)

@: quick
A: very small, no armour, no weapons or thrown items, stealth, claws 1, fangs 3,
see invisible, carnivore, speed 1, shaggy fur 3, slow metabolism 1, sharp paws
a: Berserk, Trog's Hand, Brothers in Arms, Renounce Religion


You escaped.
You worshipped Trog.
Trog was extremely pleased with you.
You were not hungry.

You visited 1 branch You collected 1597 gold pieces.
You spent 737 gold pieces at shops.

Inventory:

Jewellery
 o - a ring of poison resistance (left paw)
Wands
 h - a wand of polymorph (6)
 m - a wand of flame (13)
 n - a wand of digging (4)
Scrolls
 g - a scroll of revelation {unknown}
 i - a scroll of identify
 j - 4 scrolls of remove curse {unknown}
 k - a scroll of enchant armour {unknown}
 l - a scroll of enchant weapon {unknown}
Potions
 a - 2 potions of magic
 b - 5 potions of curing
 c - a potion of mutation
 d - a potion of haste
 f - a potion of berserk rage
 p - a potion of might
Comestibles
 e - a ration {!d}


   Skills:
 + Level 14.0 Fighting
 + Level 17.5 Dodging
 + Level 23.5 Stealth
 + Level 16.2 Unarmed Combat
 + Level 4.5 Spellcasting


You had 17 spell levels left.
You didn't know any spells.
Your spell library contained the following spells:

 Spells                   Type           Power        Failure   Level  Hunger
 Beastly Appendage        Tmut           #.....       24%         1    None
 Passwall                 Tmut/Erth      #.......     36%         2    None
 Sticks to Snakes         Tmut           #.......     36%         2    None
 Spider Form              Tmut/Pois      #..          58%         3    ###....
 Ice Form                 Ice/Tmut       #.......     94%         4    #####..
 Blade Hands              Tmut           #.........   100%        5    ######.


Dungeon Overview and Level Annotations

Branches:
Dungeon (1/1)

Altars:
Cheibriados
Dithmenos
Elyvilon
Fedhas
Gozag
Hepliaklqana
Kikubaaqudgha
Lugonu
Makhleb
Nemelex Xobeh
Okawaru
Qazlal
Ru
Sif Muna
Trog
Uskayaw
Vehumet
Wu Jian
Xom
Yredelemnul
Zin
The Shining One
Jiyva

Shops:
D (}((}}[(=?*?:[(}(?[[:


Innate Abilities, Weirdness & Mutations

You cannot wear almost all types of armour.
You are incapable of wielding weapons or throwing items.
Your paws allow you to move quietly. (Stealth)
You have sharp claws.
You have razor-sharp teeth.
You have supernaturally acute eyesight. (SInv)
You are carnivorous and can eat meat at any time.
You cover ground quickly.
Your thick and shaggy fur keeps you warm. (AC +3, rC+)
You have a slow metabolism.
Your sharp claws are effective at attacking unaware monsters.


Message History

Unknown command.
There is an open door, spattered with blood here.
There is an open door here.
There is an open door here.
There is an open door here.
There is an open door here.
There is an open door here.
There is an open door here.
Things that are here:
a +0 scythe; a +0 robe
There is an open door here.
There is an open door, spattered with blood here.
You see here a +0 giant spiked club.
Items here: ( )) [ a cursed -2 hunting sling; a +2 dagger of chaos; 214 sling bullets a +0 ring mail
There is an open door here.
There is a staircase leading out of the dungeon here.
Are you sure you want to leave the Dungeon?
This will make you lose the game!
You have escaped!

##################
#@.#.))..#.)'..#__
#..'..#..'..#..'..
#..#####'#####'#__
#..####..#...#.###
#..#__####..##.#≈≈
#..#_____##'#_§§§§
#⌠⌠#_.∩...'..._#§§
####_..__##_.#§##§
#_____###'#.#.(


There were no monsters in sight!

Vanquished Creatures
  3 fire giants (D)
  A lorocyproca (D)
  A hydra (D)
  Sonja (D)
  2 centaur warriors (D)
  A deep troll (D)
  7 unseen horrors (D)
  A lindwurm (D)
  An oklob plant (D)
  A shining eye (D)
  A merfolk siren (D)
  A gargoyle (D)
  2 demonic crawlers (D)
  2 kobold demonologists (D)
  A hellwing (D)
  2 hornets (D)
  A slime creature (D)
  Sigmund (D)
  A yak (D)
  13 hogs (D)
  2 redbacks (D)
  3 floating eyes (D)
  7 necrophages (D)
  An ogre (D)
  8 jellies (D)
  Ijyb (D)
  4 ballistomycetes (D)
  A ballistomycete spore (D)
71 creatures vanquished.

Vanquished Creatures (collateral kills)
  7 shining eyes (D)
  2 demonic crawlers (D)
  4 floating eyes (D)
13 creatures vanquished.

Vanquished Creatures (others)
  A merfolk siren (D)
  A gargoyle (D)
  3 hornets (D)
  A ballistomycete spore (D)
6 creatures vanquished.

Grand Total: 90 creatures vanquished

Notes
Turn   | Place    | Note
-------+----------+-------------------------------------------
     0 | D        | Groucho the Felid Berserker began the quest for the Orb.
     0 | D        | Reached XP level 1. HP: 12/12 MP: 2/2
     2 | D        | Noticed Ijyb
     3 | D        | Reached skill level 6 in Stealth
     3 | D        | Reached XP level 2. HP: 16/16 MP: 3/3
    15 | D        | Killed Ijyb
   240 | D        | Noticed an ogre
   241 | D        | Reached skill level 10 in Stealth
   241 | D        | Reached XP level 3. HP: 20/20 MP: 4/4
   247 | D        | Killed an ogre
   606 | D        | Noticed Sigmund
   607 | D        | Reached skill level 13 in Stealth
   607 | D        | Reached XP level 4. HP: 24/24 MP: 5/5
   607 | D        | Reached XP level 5. HP: 28/28 MP: 6/6
   608 | D        | Killed Sigmund
   608 | D        | Reached ** piety under Trog
   641 | D        | Found a shimmering blue altar of Sif Muna.
   642 | D        | Found an ornate altar of the Wu Jian Council.
   643 | D        | Found a radiant altar of Vehumet.
   665 | D        | Found Xaelinwi's Weapon Emporium.
   665 | D        | Found an ancient bone altar of Kikubaaqudgha.
   665 | D        | Found a hazy altar of Hepliaklqana.
   665 | D        | Found a stormy altar of Qazlal.
   665 | D        | Found a hide-covered altar of Uskayaw.
   665 | D        | Found a blossoming altar of Fedhas.
   665 | D        | Found a bloodstained altar of Trog.
   665 | D        | Found an iron altar of Okawaru.
   665 | D        | Found a basalt altar of Yredelemnul.
   665 | D        | Found a glowing golden altar of the Shining One.
   665 | D        | Found a snail-covered altar of Cheibriados.
   665 | D        | Found a sacrificial altar of Ru.
   665 | D        | Found a glowing silver altar of Zin.
   665 | D        | Found a shadowy altar of Dithmenos.
   665 | D        | Found a white marble altar of Elyvilon.
   665 | D        | Noticed a yak
   666 | D        | Reached skill level 15 in Stealth
   666 | D        | Found an opulent altar of Gozag.
   667 | D        | Killed a yak
   668 | D        | Found a sparkling altar of Nemelex Xobeh.
   706 | D        | Found a burning altar of Makhleb.
   706 | D        | Found a shimmering altar of Xom.
   706 | D        | Noticed a slime creature
   707 | D        | Reached skill level 17 in Stealth
   707 | D        | Gained mutation: You are covered in thick fur. (AC +2)
                  | [Felid growth]
   707 | D        | Reached XP level 6. HP: 32/32 MP: 7/7
   707 | D        | Found a viscous altar of Jiyva.
   707 | D        | Found a corrupted altar of Lugonu.
   709 | D        | Killed a slime creature
   709 | D        | Reached *** piety under Trog
   747 | D        | Noticed a centaur warrior
   747 | D        | Reached skill level 5 in Fighting
   747 | D        | Reached XP level 7. HP: 39/39 MP: 8/8
   747 | D        | Noticed a centaur warrior
   748 | D        | Reached skill level 18 in Stealth
   748 | D        | Reached XP level 8. HP: 44/44 MP: 9/9
   748 | D        | Killed a centaur warrior
   749 | D        | Killed a centaur warrior
   759 | D        | Noticed a hornet
   762 | D        | Killed a hornet
   773 | D        | Noticed an oklob plant
   818 | D        | Killed a gargoyle
  1022 | D        | Killed an oklob plant
  1022 | D        | Reached **** piety under Trog
  1099 | D        | Noticed an unseen horror
  1100 | D        | Reached skill level 10 in Dodging
  1100 | D        | Reached skill level 19 in Stealth
  1100 | D        | Noticed an unseen horror
  1101 | D        | Reached XP level 9. HP: 52/52 MP: 10/10
  1115 | D        | Killed an unseen horror
  1121 | D        | Killed an unseen horror
  1121 | D        | Reached ***** piety under Trog
  1123 | D        | Reached skill level 10 in Unarmed Combat
  1666 | D        | Reached ****** piety under Trog
  1693 | D        | Found Tyuhof Imel's Antique Weapon Shoppe.
  1693 | D        | Found Qeaciuw's Armour Shop.
  1693 | D        | Found Ciudegoa's Jewellery Boutique.
  1696 | D        | Found Komomar's Magic Scroll Emporium.
  1696 | D        | Found Ecog's General Store.
  1696 | D        | Found Eja Pot's Magic Scroll Shoppe.
  1696 | D        | Found Ablus's Book Boutique.
  1696 | D        | Found Gepliherph's Antique Armour Emporium.
  1696 | D        | Found Lafol's Antique Weapon Shop.
  1696 | D        | Found Innablez's Gadget Shoppe.
  1702 | D        | Found Buen's Weapon Boutique.
  1703 | D        | Found Lesaxein's Antique Armour Emporium.
  1703 | D        | Found Gedac's Magic Scroll Boutique.
  1704 | D        | Found Qekyum's Book Emporium.
  1711 | D        | Bought a wand of digging (5) for 132 gold pieces
  1726 | D        | Bought an uncursed ring of poison resistance for 200 gold
                  | pieces
  1762 | D        | Noticed a deep troll
  1764 | D        | Killed a deep troll
  1776 | D        | Found Bigaschia's Armour Emporium.
  1788 | D        | Noticed Sonja
  1789 | D        | Reached skill level 20 in Stealth
  1791 | D        | Killed Sonja
  1805 | D        | Found Xofo's Antique Weapon Boutique.
  1890 | D        | Noticed a shining eye
  1890 | D        | Noticed a shining eye
  1890 | D        | Noticed a shining eye
  1890 | D        | Noticed a shining eye
  1890 | D        | Noticed a shining eye
  1890 | D        | Noticed a shining eye
  1891 | D        | Reached skill level 10 in Fighting
  1891 | D        | Reached XP level 10. HP: 30/60 MP: 11/11
  1898 | D        | Paralysed by a floating eye for 2 turns
  1899 | D        | Killed a shining eye
  1905 | D        | Killed a shining eye
  1907 | D        | Killed a shining eye
  1911 | D        | Killed a shining eye
  1919 | D        | Killed a shining eye
  1920 | D        | Paralysed by a floating eye for 3 turns
  1921 | D        | Noticed a shining eye
  1929 | D        | Killed a shining eye
  1930 | D        | Killed a shining eye
  1933 | D        | Noticed a shining eye
  1946 | D        | Killed a shining eye
  1948 | D        | Found Taes's Gadget Shoppe.
  1948 | D        | Found Morhem's Gadget Boutique.
  1948 | D        | Found Jyimomyn's Antique Weapon Emporium.
  1949 | D        | Found Nonkuuk's Gadget Shop.
  2009 | D        | Noticed a kobold demonologist
  2010 | D        | Noticed a kobold demonologist
  2011 | D        | Reached skill level 21 in Stealth
  2013 | D        | Killed a kobold demonologist
  2015 | D        | Killed a kobold demonologist
  2128 | D        | Noticed a demonic crawler
  2128 | D        | Noticed a demonic crawler
  2128 | D        | Noticed a demonic crawler
  2128 | D        | Noticed a demonic crawler
  2130 | D        | Killed a demonic crawler
  2131 | D        | Killed a demonic crawler
  2139 | D        | Killed a demonic crawler
  2140 | D        | Killed a demonic crawler
  2357 | D        | Noticed a lindwurm
  2359 | D        | Killed a lindwurm
  2377 | D        | Reached XP level 11. HP: 66/66 MP: 12/12
  2462 | D        | Noticed a 12-headed hydra
  2464 | D        | Killed a 12-headed hydra
  2519 | D        | Noticed a lorocyproca
  2520 | D        | Reached skill level 15 in Dodging
  2552 | D        | HP: 1/66 [lorocyproca (24)]
  2558 | D        | Killed a lorocyproca
  3115 | D        | Noticed a daeva
  3116 | D        | Reached skill level 22 in Stealth
  3118 | D        | Noticed an unseen horror
  3118 | D        | Noticed an unseen horror
  3118 | D        | Noticed an unseen horror
  3119 | D        | Noticed an unseen horror
  3121 | D        | Killed an unseen horror
  3122 | D        | Noticed an unseen horror
  3130 | D        | Killed an unseen horror
  3131 | D        | Killed an unseen horror
  3134 | D        | Killed an unseen horror
  3138 | D        | Killed an unseen horror
  3379 | D        | Noticed a fire giant
  3382 | D        | Noticed a fire giant
  3383 | D        | Reached skill level 15 in Unarmed Combat
  3383 | D        | Noticed a fire giant
  3384 | D        | Noticed a fire giant
  3385 | D        | Reached skill level 23 in Stealth
  4068 | D        | Killed a fire giant
  4310 | D        | Killed a fire giant
  4361 | D        | Killed a fire giant
  4786 | D        | Bought a book of Changes for 325 gold pieces
  4932 | D        | Bought a potion of mutation for 80 gold pieces
  5000 | D        | Noticed a deep elf annihilator
  5001 | D        | Reached skill level 1 in Spellcasting
  5006 | D        | Noticed a shadow dragon
  5007 | D        | Gained mutation: Your thick and shaggy fur keeps you warm.
                  | (AC +3, rC+) [Felid growth]
  5007 | D        | Reached XP level 12. HP: 48/74 MP: 12/16
  5009 | D        | Noticed a golden dragon
  5039 | D        | Identified the +11 halberd of Kismet {freeze, rPois MP-9
                  | Int+3 Stlth+}
  5044 | D        | Killed from afar by a fire giant
  5045 | D        | Reached XP level 11. HP: -26/70 MP: 18/18
  5056 | D        | Killed from afar by a deep elf annihilator
  5057 | D        | Reached XP level 10. HP: -12/65 MP: 17/17
  5081 | D        | Killed from afar by a daeva
  5082 | D        | Reached XP level 9. HP: -7/60 MP: 16/16
  5120 | D        | Got out of the dungeon alive.

Skill      XL: |  1  2  3  4  5  6  7  8  9 10 11 12 |
---------------+-------------------------------------+-----
Stealth        | 6 10 13 17 18 19 20 21 23 | 23.5
Fighting       | 5 6 8 10 11 13 14 | 14.0
Dodging        | 6 8 10 13 14 17 | 17.5
Unarmed Combat | 6 7 9 12 13 15 16 | 16.2
Spellcasting   | 2 4 |  4.5

Action                   |  1- 3 |  4- 6 |  7- 9 | 10-12 || total
-------------------------+-------+-------+-------+-------++-------
Melee: Unarmed           |    14 |     4 |    76 |   116 ||   210
       Bite              |     1 |       |     7 |    12 ||    20
       Punch             |       |       |     6 |     9 ||    15
Invok: Berserk           |     2 |       |     3 |     5 ||    10
       Trog's Hand       |       |       |     2 |     6 ||     8
       Brothers in Arms  |       |       |       |     7 ||     7
Evoke: Wand              |       |       |       |     1 ||     1
  Use: Scroll            |       |       |     1 |     2 ||     3
       Potion            |       |       |       |     1 ||     1
 Stab: Sleeping          |       |     4 |    12 |    12 ||    28
       Distracted        |       |       |       |     1 ||     1
  Eat: Chunk             |     2 |       |       |    12 ||    14
       Ration            |       |       |     3 |     2 ||     5
Armor: Skin              |       |       |       |     3 ||     3
Dodge: Dodged            |     5 |       |    46 |    85 ||   136
